[Event "Titled Tuesday Blitz January 03 Late 2023"]
[White "Aradhya, Garg"]
[Black "Melkumyan, Hrant"]
[WhiteFideId "25006746"]
[BlackFideId "13302485"]
[WhiteElo "2284"]
[BlackElo "2645"]
[Result "1-0"]
[Round "09"]
[TimeControl "180+2"]
[Date "2023.01.03"]
[WhiteClock "0:00:07"]
[BlackClock "0:00:03"]

1. d4 Nf6 2. Nf3 g6 3. g3 b6 4. Bg2 Bb7 5. O-O c5 6. b3 cxd4 7. Bb2 Bg7 8. Nxd4 Bxg2 9. Kxg2 d5 10. Nd2 O-O 11. c4 e5 12. N4f3 e4 13. Ne5 d4 14. e3 d3 15. f3 Re8 16. fxe4 Nbd7 17. Nc6 Qc7 18. Nb4 Qd6 19. a3 a5 20. Na2 Nc5 21. e5 Rxe5 22. Bxe5 Qxe5 23. Nf3 Qe8 24. Nc3 Ng4 25. Nd5 Rd8 26. Re1 Bxa1 27. Qxa1 Nxb3 28. Qc3 Nc5 29. h3 Rxd5 30. cxd5 Nxe3+ 31. Kh2 Qe4 32. Qd2 Qxf3 33. Rxe3 Qxd5 34. Re8+ Kg7 35. Qc3+ f6 36. Re7+ Kh6 37. Qxf6 Qa2+ 38. Kg1 Qb1+ 39. Kg2 Qc2+ 40. Kg1 Qd1+ 41. Kg2 Qd2+ 42. Kg1 Qc1+ 43. Kg2 Qc2+ 44. Kg1 Qd1+ 45. Kg2 Qd2+ 46. Kg1 Ne4 47. Qh4# 1-0


[Site "https://www.chess.com"]

[Event "Titled Tuesday Blitz January 03 Late 2023"]
[White "Kamsky, Gata"]
[Black "Nasuta, Grzegorz"]
[WhiteFideId "2000024"]
[BlackFideId "1141686"]
[WhiteElo "2665"]
[BlackElo "2552"]
[Result "1/2-1/2"]
[Round "09"]
[TimeControl "180+2"]
[Date "2023.01.03"]
[WhiteClock "0:00:07"]
[BlackClock "0:00:05"]

1. e4 c5 2. Nc3 a6 3. f4 b5 4. Nf3 Bb7 5. d3 e6 6. Qe2 Nc6 7. Qf2 d5 8. e5 Nge7 9. g3 Nf5 10. Bg2 h5 11. Ne2 Be7 12. O-O Qc7 13. Bd2 d4 14. h3 Rd8 15. Rfe1 c4 16. a3 Qb6 17. Kh1 Ne3 18. Bxe3 dxe3 19. Qf1 cxd3 20. cxd3 Rxd3 21. Nc3 Rd8 22. Qe2 O-O 23. Qxe3 Bc5 24. Qe2 Bf2 25. Rf1 Bxg3 26. Ng5 g6 27. Nce4 Nd4 28. Qe3 Bh4 29. Rad1 Bxg5 30. fxg5 Bxe4 31. Bxe4 Qc5 32. Bg2 Qc4 33. Qd3 Qxd3 34. Rxd3 Nf5 35. Rfd1 Rxd3 36. Rxd3 Rc8 37. b4 h4 38. Bb7 Rc1+ 39. Kg2 Rc2+ 40. Kg1 Rc1+ 41. Kg2 Rc2+ 42. Kg1 Rc1+ 43. Kg2 1/2-1/2


[Site "https://www.chess.com"]

[Event "Titled Tuesday Blitz January 03 Late 2023"]
[White "Kosteniuk, Alexandra"]
[Black "Zhigalko, Sergei"]
[WhiteFideId "4128125"]
[BlackFideId "13502956"]
[WhiteElo "2535"]
[BlackElo "2572"]
[Result "1-0"]
[Round "09"]
[TimeControl "180+2"]
[Date "2023.01.03"]
[WhiteClock "0:00:11"]
[BlackClock "0:00:01"]

1. e4 c5 2. c3 Nf6 3. e5 Nd5 4. Nf3 Nc6 5. Bc4 Nb6 6. Bb3 d5 7. exd6 Qxd6 8. O-O c4 9. Bc2 Bg4 10. Re1 O-O-O 11. b3 Qf6 12. Be4 Ne5 13. bxc4 Nxf3+ 14. gxf3 Bh3 15. Kh1 Nxc4 16. d4 Nd6 17. Bd3 g5 18. Re5 g4 19. f4 Bh6 20. f5 Kb8 21. Na3 e6 22. Bxh6 Qxh6 23. fxe6 fxe6 24. Qc1 Qf6 25. Qe3 Rhf8 26. Bf1 Qxf2 27. Bxh3 gxh3 28. Rg1 Qxa2 29. Nb5 Nxb5 30. Rxb5 a6 31. Rbg5 Rf2 32. Qxh3 Ka7 33. Qg3 Rc8 34. Rh5 Rc4 35. Qe3 Rf5 36. d5+ Ka8 37. Rxf5 Rc8 38. Rf2 Qxd5+ 39. Qf3 Qc5 40. Rfg2 Ka7 41. Rg7 Rb8 42. Rxh7 1-0


[Site "https://www.chess.com"]

[Event "Titled Tuesday Blitz January 03 Late 2023"]
[White "Sai Krishna G V"]
[Black "Indjic, Aleksandar"]
[WhiteFideId "5028280"]
[BlackFideId "911925"]
[WhiteElo "2384"]
[BlackElo "2618"]
[Result "1-0"]
[Round "09"]
[TimeControl "180+2"]
[Date "2023.01.03"]
[WhiteClock "0:01:21"]
[BlackClock "0:01:00"]

1. e4 c5 2. Nf3 d6 3. d4 cxd4 4. Nxd4 Nf6 5. Nc3 a6 6. Bg5 e6 7. f4 Be7 8. Qf3 Qc7 9. O-O-O Nbd7 10. g4 h6 11. Bxf6 Bxf6 12. h4 Nb6 13. g5 Bxd4 14. Rxd4 Bd7 15. g6 f6 16. Bh3 Nc4 17. Rhd1 Rc8 18. b3 Nb6 19. Kb2 d5 20. exd5 e5 21. fxe5 Bxh3 22. Qxh3 O-O 23. d6 Qc5 24. e6 1-0


[Site "https://www.chess.com"]

[Event "Titled Tuesday Blitz January 03 Late 2023"]
[White "Kravtsiv, Martyn"]
[Black "Kuzmicz, Krystian"]
[WhiteFideId "14113147"]
[BlackFideId "1119125"]
[WhiteElo "2598"]
[BlackElo "2466"]
[Result "1-0"]
[Round "09"]
[TimeControl "180+2"]
[Date "2023.01.03"]
[WhiteClock "0:00:07"]
[BlackClock "0:00:10"]

1. e4 c5 2. Nf3 e6 3. d4 cxd4 4. Nxd4 Nf6 5. Nc3 Nc6 6. Ndb5 Bc5 7. Bf4 O-O 8. Bc7 Qe7 9. Bd6 Bxd6 10. Qxd6 Qd8 11. Nc7 Rb8 12. Be2 b5 13. N7xb5 a6 14. Nd4 Nxd4 15. Qxd4 Rxb2 16. e5 Qa5 17. exf6 Rxc2 18. fxg7 Re8 19. O-O Qxc3 20. Qxc3 Rxc3 21. Rfc1 Rxc1+ 22. Rxc1 Kxg7 23. Rc7 Kf6 24. g3 d5 25. Bh5 Rf8 26. Bxf7 Rxf7 27. Rxc8 Ke5 28. Rc6 Ra7 29. f4+ Kd4 30. Rxe6 Kd3 31. f5 d4 32. f6 Kc2 33. Re7 Ra8 34. g4 d3 35. Rc7+ Kb2 36. Rd7 Kc2 37. g5 d2 38. Kf2 Rg8 39. h4 h6 40. f7 Rg7 41. Rxd2+ 1-0


[Site "https://www.chess.com"]

[Event "Titled Tuesday Blitz January 03 Late 2023"]
[White "Mardov, Dimitar"]
[Black "Chen, Justin"]
[WhiteFideId "30919495"]
[BlackFideId "2098199"]
[WhiteElo "2456"]
[BlackElo "2333"]
[Result "0-1"]
[Round "09"]
[TimeControl "180+2"]
[Date "2023.01.03"]
[WhiteClock "0:00:04"]
[BlackClock "0:00:07"]

1. d4 d5 2. c4 dxc4 3. e3 Nf6 4. Nf3 e6 5. Bxc4 a6 6. a4 c5 7. Nc3 Nc6 8. O-O cxd4 9. exd4 Nb4 10. Bg5 Be7 11. Ne5 O-O 12. Rc1 Bd7 13. Qf3 Bc6 14. Nxc6 Nxc6 15. Rcd1 Qa5 16. Bh4 Rfd8 17. Qf4 Nh5 18. Qg4 Nf6 19. Qf4 Nh5 20. Qg4 Bxh4 21. Qxh4 Nf6 22. Rfe1 Qb4 23. Bd3 Rxd4 24. Ne4 Nxe4 25. Bxe4 f5 26. Qh5 Rxe4 27. Rxe4 Qxe4 28. h3 Ne5 29. Qg5 h6 30. Qe7 Ng6 31. Qc7 Qc6 32. Qg3 Nf8 33. Qe5 Qe8 34. Rd3 Rd8 35. Rg3 Qe7 36. Kh2 Rd5 37. Qc3 Rc5 38. Qd4 Rc7 39. f4 Rd7 40. Qc3 Kh7 41. Re3 Qf7 42. Qc4 Re7 43. Qb4 Ng6 44. Qc4 e5 45. Qc5 exf4 46. Rf3 Re4 47. Qb6 Rxa4 48. Rc3 Re4 49. Rc7 Re7 50. Rc5 Ne5 51. Qd6 f3 52. Rxe5 Rxe5 53. Qxe5 fxg2 54. Kxg2 Qg6+ 55. Kh2 Qf6 56. Qc7 Qxb2+ 57. Kg3 Qb3+ 58. Kh2 Qd5 59. h4 Qe4 60. Qd8 a5 61. Qxa5 Qxh4+ 62. Kg2 Qe4+ 63. Kh2 Qg4 64. Qb5 Qf3 65. Qe8 Qc6 66. Qf7 Qc2+ 67. Kg3 b5 68. Qd7 b4 69. Qd5 b3 70. Kh4 Qe4+ 71. Qxe4 fxe4 72. Kg4 b2 73. Kh4 b1=Q 74. Kh5 Qg1 75. Kh4 Qg2 76. Kh5 Qg5# 0-1


[Site "https://www.chess.com"]

[Event "Titled Tuesday Blitz January 03 Late 2023"]
[White "Boros, Denes"]
[Black "Papasimakopoulos, Alexandros"]
[WhiteFideId "722340"]
[BlackFideId "4244125"]
[WhiteElo "2406"]
[BlackElo "2401"]
[Result "1-0"]
[Round "09"]
[TimeControl "180+2"]
[Date "2023.01.03"]
[WhiteClock "0:00:09"]
[BlackClock "0:00:04"]

1. d4 e6 2. Nc3 d5 3. Nf3 Bb4 4. Qd3 Nf6 5. Bg5 h6 6. Bxf6 Qxf6 7. e4 dxe4 8. Qxe4 Bxc3+ 9. bxc3 Qf5 10. Qe2 Nd7 11. Qd2 Nf6 12. Bd3 Qa5 13. Rb1 b6 14. O-O Ba6 15. Ne5 Bxd3 16. Qxd3 O-O 17. c4 Qa4 18. f4 c5 19. c3 cxd4 20. cxd4 Nd7 21. Ng4 f5 22. Ne3 Nf6 23. Rb5 Qxa2 24. Re5 Rfe8 25. d5 exd5 26. Nxf5 Qxc4 27. Qg3 Qc7 28. Nxh6+ Kh7 29. Nf5 a5 30. Rfe1 a4 31. h3 Ne4 32. Qh4+ Kg8 33. Ne7+ Rxe7 34. Rxe7 Qc5+ 35. Kh2 Qd6 36. Rc1 Rf8 37. Rcc7 Qxf4+ 38. Qxf4 Rxf4 39. Rxg7+ Kf8 40. Ra7 Nc5 41. Rgc7 Re4 42. Rc6 d4 43. Rh6 Kg8 44. Rg6+ Kf8 45. Rh6 Kg8 46. Rxb6 Rf4 47. Rg6+ Kf8 48. Rc6 Re4 49. Rxc5 d3 50. Rf5+ Ke8 51. Rb5 Rd4 52. Rb8+ Rd8 53. Rxd8+ Kxd8 54. Rxa4 d2 55. Rd4+ Ke7 56. Rxd2 1-0


[Site "https://www.chess.com"]

[Event "Titled Tuesday Blitz January 03 Late 2023"]
[White "Borges Feria, Yasel"]
[Black "Jaracz, Pawel"]
[WhiteFideId "3504921"]
[BlackFideId "1102222"]
[WhiteElo "2439"]
[BlackElo "2467"]
[Result "0-1"]
[Round "09"]
[TimeControl "180+2"]
[Date "2023.01.03"]
[WhiteClock "0:00:09"]
[BlackClock "0:00:59"]

1. e4 c6 2. Nc3 d5 3. Nf3 a6 4. d4 Bg4 5. exd5 cxd5 6. h3 Bxf3 7. Qxf3 e6 8. Ne2 Nc6 9. c3 Bd6 10. Bf4 Nge7 11. Bxd6 Qxd6 12. Ng3 O-O 13. Bd3 b5 14. a3 Rab8 15. O-O a5 16. b4 a4 17. Qe2 Na7 18. f4 g6 19. Qd2 Rfc8 20. Ne2 Rc7 21. Rf3 Nac8 22. Raf1 Qd7 23. g4 f5 24. Re3 Nd6 25. Ng3 Rbc8 26. Ne2 Ne4 27. Bxe4 dxe4 28. Rg3 Nd5 29. Kh2 Rc4 30. Rfg1 Qc7 31. Rc1 Kh8 32. Kg2 Qc6 33. Kh2 Nf6 34. Qe3 Nd5 35. Qd2 Qc7 36. Kg2 Rf8 37. Rf1 Qc6 38. Kh2 Qc7 39. Kg2 Rc6 40. Kg1 Qd6 41. Kg2 Rc7 42. g5 h5 43. h4 Rfc8 44. Rc1 Nb6 45. Qa2 Nd5 46. Kf2 Nxf4 0-1


[Site "https://www.chess.com"]

[Event "Titled Tuesday Blitz January 03 Late 2023"]
[White "Goltsev, Dmitry"]
[Black "Timmermans, Mark"]
[WhiteFideId "24176710"]
[BlackFideId "1026399"]
[WhiteElo "2269"]
[BlackElo "2392"]
[Result "1/2-1/2"]
[Round "09"]
[TimeControl "180+2"]
[Date "2023.01.03"]
[WhiteClock "0:00:08"]
[BlackClock "0:00:28"]

1. e4 e5 2. Nf3 Nc6 3. Bb5 f5 4. O-O fxe4 5. Bxc6 dxc6 6. Nxe5 Nf6 7. d4 Bd6 8. Qe2 Qe7 9. Bf4 O-O 10. Nd2 Bf5 11. Rfe1 c5 12. Nb3 cxd4 13. Nxd4 Bc8 14. Qc4+ Kh8 15. Nd3 Ng4 16. Nf3 Bf5 17. h3 Nh6 18. Nd2 Bxf4 19. Nxf4 Qg5 20. Qxc7 Rac8 21. Qe5 Nf7 22. Nxe4 Bxe4 23. Qxe4 Nd6 24. h4 Qxf4 25. Qxf4 Rxf4 26. g3 Rf6 27. c3 Nc4 28. Re2 h6 29. Rd1 Kh7 30. Rd7 b5 31. Rxa7 Rcf8 32. Ree7 Rg6 33. b3 Nb6 34. a4 bxa4 35. bxa4 Nd5 36. Red7 Nxc3 37. a5 h5 38. Rac7 Nb5 39. Rc5 Rb8 40. Rxh5+ Kg8 41. Rg5 Rxg5 42. hxg5 Ra8 43. g6 Nc3 44. a6 Kf8 45. Rf7+ Ke8 46. Rxg7 Rxa6 47. Rg8+ Ke7 48. g7 Kf7 49. Rc8 Ne2+ 50. Kf1 Nxg3+ 51. fxg3 Kxg7 52. Kg2 Rb6 53. Kh3 Ra6 54. Rb8 Rc6 55. Kg4 Ra6 56. Rc8 Rb6 57. Rc4 Ra6 58. Kh4 Rh6+ 59. Kg5 Ra6 60. g4 Rg6+ 61. Kh4 Ra6 62. g5 Rb6 63. Kh5 Ra6 64. Rb4 Rc6 65. Rb7+ Kg8 66. Re7 Ra6 67. Re4 Kg7 68. Rc4 Rb6 69. Ra4 Rc6 70. Ra7+ Kg8 71. Kg4 Rb6 72. Re7 Ra6 73. Kh5 Rb6 74. g6 Rb1 75. Kg5 Rg1+ 76. Kf6 Rf1+ 77. Kg5 Rg1+ 78. Kf5 Rf1+ 79. Kg4 Rg1+ 80. Kh5 Rh1+ 81. Kg5 Rg1+ 1/2-1/2


[Site "https://www.chess.com"]

[Event "Titled Tuesday Blitz January 03 Late 2023"]
[White "Tanenbaum, Zachary"]
[Black "Adewumi, Tanitoluwa"]
[WhiteFideId "2060850"]
[BlackFideId "30966396"]
[WhiteElo "2261"]
[BlackElo "2283"]
[Result "1-0"]
[Round "09"]
[TimeControl "180+2"]
[Date "2023.01.03"]
[WhiteClock "0:00:51"]
[BlackClock "0:00:01"]

1. e4 c5 2. Nf3 e6 3. d4 cxd4 4. Nxd4 Nc6 5. Nc3 Qc7 6. g3 a6 7. Bg2 d6 8. Nxc6 bxc6 9. O-O Be7 10. Na4 Bf6 11. Bf4 e5 12. Be3 Rb8 13. c4 Ne7 14. b3 O-O 15. Nc3 Be6 16. c5 d5 17. Na4 Rfd8 18. Qe1 Rb5 19. Rd1 Bg4 20. f3 Bh5 21. g4 dxe4 22. gxh5 Rxd1 23. Qxd1 Nd5 24. Bc1 e3 25. Qe1 Bg5 26. Nc3 Rxc5 27. Ne4 Rxc1 28. Qxc1 Bf4 29. Qc4 f5 30. Nc3 Qb6 31. Nxd5 e2+ 32. Nxb6+ 1-0


[Site "https://www.chess.com"]

[Event "Titled Tuesday Blitz January 03 Late 2023"]
[White "Tregubov, Pavel V."]
[Black "Bortnyk, Olexandr"]
[WhiteFideId "4115341"]
[BlackFideId "14120828"]
[WhiteElo "2553"]
[BlackElo "2605"]
[Result "0-1"]
[Round "09"]
[TimeControl "180+2"]
[Date "2023.01.03"]
[WhiteClock "0:01:32"]
[BlackClock "0:02:06"]

1. e4 Nf6 2. e5 Nd5 3. d4 d6 4. c4 Nb6 5. f4 dxe5 6. fxe5 Bf5 7. Nc3 e6 8. Nf3 Bb4 9. Bd3 Bg4 10. Be3 c5 11. dxc5 Bxf3 12. gxf3 Nxc4 13. Bxc4 Qh4+ 14. Bf2 Qxc4 15. Qa4+ Nc6 16. O-O-O O-O 17. a3 Qf4+ 18. Rd2 Qxf3 19. Rg1 Bxc3 20. bxc3 Qxc3+ 0-1


[Site "https://www.chess.com"]

[Event "Titled Tuesday Blitz January 03 Late 2023"]
[White "Ozer, Omer Faruk"]
[Black "Pranav, V"]
[WhiteFideId "6354564"]
[BlackFideId "25060783"]
[WhiteElo "2360"]
[BlackElo "2597"]
[Result "1-0"]
[Round "09"]
[TimeControl "180+2"]
[Date "2023.01.03"]
[WhiteClock "0:00:06"]
[BlackClock "0:01:27"]

1. e4 Nc6 2. Nf3 e5 3. Bc4 Nf6 4. d3 h6 5. c3 d6 6. O-O g6 7. a4 Bg7 8. a5 a6 9. Re1 O-O 10. b4 Be6 11. Nbd2 Kh7 12. Bb3 Nh5 13. Bb2 Qe8 14. Ba4 Nf4 15. Nf1 f5 16. exf5 gxf5 17. Bc1 Nh5 18. Ng3 Nxg3 19. hxg3 Qf7 20. Bc2 Rae8 21. Rb1 d5 22. b5 axb5 23. Rxb5 e4 24. Nd4 Nxd4 25. cxd4 c6 26. Rb1 Qg6 27. Rxb7 Kh8 28. Bf4 Bf6 29. Qd2 h5 30. Be5 Bxe5 31. dxe5 f4 32. gxf4 h4 33. dxe4 Rg8 34. f3 h3 35. f5 Qh5 36. g4 Bc8 37. Rc7 Qh4 38. Qf2 Qh6 39. e6 Rg5 40. Qd4+ Kg8 41. exd5 Qh4 42. Qf2 Qh6 43. d6 Ba6 44. d7 h2+ 45. Qxh2 Qh3 46. dxe8=Q# 1-0


[Site "https://www.chess.com"]

[Event "Titled Tuesday Blitz January 03 Late 2023"]
[White "Sanal, Vahap"]
[Black "Ballester Llagaria, Luis Eduardo"]
[WhiteFideId "6300545"]
[BlackFideId "2297620"]
[WhiteElo "2600"]
[BlackElo "2298"]
[Result "1/2-1/2"]
[Round "09"]
[TimeControl "180+2"]
[Date "2023.01.03"]
[WhiteClock "0:00:02"]
[BlackClock "0:00:07"]

1. Nf3 d5 2. g3 Bg4 3. Bg2 Nc6 4. d4 Qd7 5. O-O O-O-O 6. Na3 Bh3 7. c4 Bxg2 8. Kxg2 Nf6 9. Qa4 Kb8 10. Bf4 dxc4 11. Nb5 Nd5 12. Ne5 Nxf4+ 13. gxf4 Qd5+ 14. e4 Qxe4+ 15. f3 Qd5 16. Nxc6+ Qxc6 17. Qxa7+ Kc8 18. Qa5 Qb6 19. Qxb6 cxb6 20. Rac1 Kb8 21. Rxc4 g6 22. Re1 e6 23. Rec1 Bg7 24. Rc7 Rc8 25. a4 Bh6 26. Kg3 g5 27. Rxc8+ Rxc8 28. Rxc8+ Kxc8 29. Nd6+ Kc7 30. Nxf7 gxf4+ 31. Kg4 Bg7 32. Ne5 Kd6 33. Kxf4 Kd5 34. b4 Kxd4 35. Nd7 Bh6+ 36. Kg4 Be3 37. Nxb6 Kc3 38. Nd7 Kxb4 39. Nf8 e5 40. Nxh7 Kxa4 41. Nf6 b5 42. Nd5 Bd2 43. Kf5 Bf4 44. Ke4 b4 45. h4 b3 46. Kd3 Ka3 47. h5 b2 48. Kc2 Ka2 49. Nc3+ Ka1 50. Nb1 Bh6 51. Nc3 Bf4 52. Nb1 Be3 53. Nc3 Bf4 1/2-1/2


[Site "https://www.chess.com"]

[Event "Titled Tuesday Blitz January 03 Late 2023"]
[White "Rozman, Levy"]
[Black "Yaran, Siar"]
[WhiteFideId "2039877"]
[BlackFideId "6323006"]
[WhiteElo "2322"]
[BlackElo "2288"]
[Result "0-1"]
[Round "09"]
[TimeControl "180+2"]
[Date "2023.01.03"]
[WhiteClock "0:00:01"]
[BlackClock "0:00:04"]

1. d4 Nf6 2. Bg5 Ne4 3. h4 f6 4. Bf4 d5 5. e3 Nc6 6. c4 e5 7. dxe5 Bb4+ 8. Ke2 fxe5 9. Bg5 O-O 10. Nf3 Nxg5 11. hxg5 e4 12. Qxd5+ Qxd5 13. cxd5 exf3+ 14. gxf3 Ne5 15. Bg2 b6 16. f4 Ba6+ 17. Kd1 Nd3 18. Kc2 Nxf2 19. Rh2 Ng4 20. Rh3 Rae8 21. Kb3 Bc5 22. Nc3 Nxe3 23. d6 Bc4+ 24. Ka4 Nxg2 25. dxc7 Nxf4 26. Rf3 a6 27. b3 Be6 28. b4 Bd6 29. Raf1 Bxc7 30. b5 a5 31. a3 Bd6 32. g6 hxg6 33. Ne4 Be5 34. Ng5 Bd5 35. Re3 Bd6 36. Rxe8 Rxe8 37. Rd1 Re3 38. Ra1 Bb3# 0-1


[Site "https://www.chess.com"]

[Event "Titled Tuesday Blitz January 03 Late 2023"]
[White "Mendez Fortes, Eduardo Jesus"]
[Black "Saric, Ibro"]
[WhiteFideId "3502376"]
[BlackFideId "14401290"]
[WhiteElo "2250"]
[BlackElo "2531"]
[Result "0-1"]
[Round "09"]
[TimeControl "180+2"]
[Date "2023.01.03"]
[WhiteClock "0:00:19"]
[BlackClock "0:00:20"]

1. e4 c5 2. Nf3 e6 3. d4 cxd4 4. Nxd4 a6 5. c4 d6 6. Nc3 Nd7 7. Be2 b6 8. O-O Bb7 9. f3 g6 10. Be3 Qc7 11. Qd2 Bg7 12. Rfd1 Rd8 13. a4 Ngf6 14. a5 O-O 15. Bf1 d5 16. axb6 Nxb6 17. exd5 exd5 18. c5 Nc4 19. Bxc4 dxc4 20. Qf2 Rfe8 21. c6 Bxc6 22. Rxa6 Bb7 23. Raa1 Nd5 24. Ndb5 Qe7 25. Bc5 Qf6 26. Nxd5 Rxd5 27. Rxd5 Bxd5 28. Nc7 Qxb2 29. Qxb2 Bxb2 30. Rb1 Rc8 31. Nxd5 Rxc5 32. Nf6+ Bxf6 0-1


[Site "https://www.chess.com"]

[Event "Titled Tuesday Blitz January 03 Late 2023"]
[White "Cristobal, Manuel"]
[Black "Bilan, Danila"]
[WhiteFideId "112879"]
[BlackFideId "24161918"]
[WhiteElo "2257"]
[BlackElo "2303"]
[Result "0-1"]
[Round "09"]
[TimeControl "180+2"]
[Date "2023.01.03"]
[WhiteClock "0:00:20"]
[BlackClock "0:00:06"]

1. d4 d5 2. Bf4 Nf6 3. e3 c5 4. Nf3 cxd4 5. exd4 Nc6 6. c3 Bg4 7. Nbd2 e6 8. Bd3 Bd6 9. Bxd6 Qxd6 10. O-O O-O 11. h3 Bh5 12. Re1 a6 13. a4 Qc7 14. Qb3 Bg6 15. Bxg6 hxg6 16. Ne5 Nxe5 17. Rxe5 b5 18. axb5 axb5 19. Rae1 b4 20. cxb4 Rfb8 21. Qc3 Qb6 22. Nf3 Qxb4 23. Qe3 Qxb2 24. Rxe6 fxe6 25. Qxe6+ Kh8 26. Ne5 Kh7 27. Nf7 Qd2 28. Re3 Ne4 29. Rf3 Ra1+ 30. Kh2 Qe1 0-1


[Site "https://www.chess.com"]

[Event "Titled Tuesday Blitz January 03 Late 2023"]
[White "Goryachkina, Aleksandra"]
[Black "Di Berardino, Diego Rafael"]
[WhiteFideId "4147103"]
[BlackFideId "2105446"]
[WhiteElo "2571"]
[BlackElo "2479"]
[Result "0-1"]
[Round "09"]
[TimeControl "180+2"]
[Date "2023.01.03"]
[WhiteClock "0:00:04"]
[BlackClock "0:00:08"]

1. e4 c5 2. Nf3 b6 3. d4 cxd4 4. Nxd4 Bb7 5. Bd3 Nc6 6. Nxc6 Bxc6 7. O-O e6 8. c4 Bc5 9. Nd2 Qh4 10. Nb3 Be7 11. Re1 Nf6 12. g3 Qh3 13. Bf1 Qg4 14. Qxg4 Nxg4 15. Nd4 Bc5 16. Rd1 e5 17. Nxc6 dxc6 18. Rd2 Rd8 19. Rc2 Rd1 20. Kg2 h5 21. h3 Nf6 22. Be2 Re1 23. Bf3 h4 24. b3 hxg3 25. fxg3 Nxe4 26. Bxe4 Rxe4 27. Bb2 f6 28. Rd1 Bd4 29. Rcd2 c5 30. b4 Kf7 31. bxc5 bxc5 32. Ba3 Rb8 33. Rc2 Ke7 34. Rcd2 Ke6 35. Rc2 Rb6 36. Bc1 Ra6 37. Kf3 f5 38. g4 g6 39. Rf1 Kf6 40. Kg2 Ke6 41. Kf3 Rb6 42. Kg2 Rb1 43. Kf3 Rb4 44. Kg2 Rb1 45. Kf3 Be3 46. Kg2 Bxc1 47. Rfxc1 Rxc1 48. Rxc1 fxg4 49. hxg4 Rxg4+ 50. Kf3 Rd4 51. Rc3 Kf5 52. Ra3 Rd3+ 53. Rxd3 e4+ 54. Ke3 exd3 55. Kxd3 Kf4 0-1


[Site "https://www.chess.com"]

[Event "Titled Tuesday Blitz January 03 Late 2023"]
[White "Yurovskykh, Oleksandr"]
[Black "Maksimovic, Bojan"]
[WhiteFideId "14134020"]
[BlackFideId "14408120"]
[WhiteElo "2328"]
[BlackElo "2486"]
[Result "1-0"]
[Round "09"]
[TimeControl "180+2"]
[Date "2023.01.03"]
[WhiteClock "0:00:16"]
[BlackClock "0:00:01"]

1. d4 Nf6 2. Nf3 d6 3. Bg5 Nbd7 4. e3 h6 5. Bh4 g5 6. Bg3 Nh5 7. Nfd2 Nxg3 8. hxg3 Bg7 9. Bd3 c5 10. c3 Qb6 11. Qb3 Qxb3 12. Nxb3 b6 13. Be4 Rb8 14. N1d2 e6 15. Bc6 Ke7 16. a4 a6 17. Bf3 d5 18. Nc1 f5 19. Nd3 g4 20. Be2 c4 21. Nf4 Kf7 22. f3 gxf3 23. gxf3 Nf6 24. Kf2 Bd7 25. Rhb1 h5 26. Rh1 Rh6 27. Rhb1 h4 28. gxh4 Rxh4 29. Rh1 Rbh8 30. Rxh4 Rxh4 31. Kg3 Rh8 32. b3 cxb3 33. Nxb3 a5 34. c4 Bh6 35. Ng2 dxc4 36. Bxc4 Rc8 37. Nd2 Ke7 38. Rb1 Rb8 39. Bb5 Nd5 40. Bxd7 Kxd7 41. Kf2 Rg8 42. Nc4 Kc6 43. Ne5+ Kb7 44. Rh1 Bg7 45. Rh7 Ka6 46. f4 Bxe5 47. fxe5 Nc3 48. Nf4 Nxa4 49. Nxe6 b5 50. Nc7+ Kb6 51. Nd5+ Kc6 52. Ne7+ Kb6 53. Nxg8 b4 54. e6 b3 55. e7 b2 56. Rh1 Nc3 57. e8=Q Ne4+ 58. Kf3 Nd2+ 59. Kf4 1-0


[Site "https://www.chess.com"]

[Event "Titled Tuesday Blitz January 03 Late 2023"]
[White "Dourerassou, Jonathan"]
[Black "Martins, Bruno Andre Leite"]
[WhiteFideId "628050"]
[BlackFideId "1942255"]
[WhiteElo "2414"]
[BlackElo "2348"]
[Result "1/2-1/2"]
[Round "09"]
[TimeControl "180+2"]
[Date "2023.01.03"]
[WhiteClock "0:00:41"]
[BlackClock "0:00:07"]

1. d4 Nf6 2. Bg5 d5 3. Bxf6 gxf6 4. e3 c5 5. c3 Qb6 6. Qb3 Nc6 7. Nf3 c4 8. Qxb6 axb6 9. Nbd2 b5 10. Be2 e5 11. O-O e4 12. Nh4 f5 13. g3 Be7 14. Ng2 b4 15. Nf4 Be6 16. Nxc4 dxc4 17. d5 bxc3 18. bxc3 Ne5 19. dxe6 fxe6 20. Nxe6 Kf7 21. Nd4 Kf6 22. Rfb1 Bc5 23. Rxb7 Rhb8 24. Rxh7 Kg6 25. Rc7 Bd6 26. Rxc4 Nxc4 27. Bxc4 Kf6 28. Rd1 Be5 29. Bb3 Rd8 30. Kg2 Rac8 31. c4 Rd6 32. h4 Rcd8 33. c5 R6d7 34. c6 Rd6 35. Rc1 Bxd4 36. exd4 Rxd4 37. c7 Rc8 38. Rc6+ Ke7 39. Be6 Rxc7 40. Rxc7+ Kxe6 41. Ra7 Rd2 42. Ra5 e3 43. Ra6+ Ke5 44. Kf3 e2 45. Ra5+ Kf6 46. Ra6+ Kf7 47. Ra7+ Kf6 48. Ra6+ Ke7 49. Ra7+ Ke8 50. Ra8+ Kd7 51. Ra7+ Kd6 52. Ra6+ Ke5 53. Ra5+ Ke6 54. Ra6+ Kf7 55. Ra7+ Kf6 56. Ra6+ 1/2-1/2


[Site "https://www.chess.com"]

[Event "Titled Tuesday Blitz January 03 Late 2023"]
[White "Morefield, Jason"]
[Black "ArchibaldCerveza29"]
[WhiteFideId "30920825"]
[WhiteElo "2167"]
[BlackElo "2509"]
[Result "1-0"]
[Round "09"]
[TimeControl "180+2"]
[Date "2023.01.03"]
[WhiteClock "0:01:33"]
[BlackClock "0:01:43"]

1. e4 e5 2. Nf3 Nc6 3. Bb5 g6 4. O-O Bg7 5. Re1 Nge7 6. c4 O-O 7. d3 a6 8. Ba4 d6 9. Nc3 Bg4 10. h3 Bxf3 11. Qxf3 Nd4 12. Qd1 h6 13. Ne2 Nxe2+ 14. Qxe2 Kh7 15. Be3 f5 16. f3 f4 17. Bf2 c5 18. Qd2 Nc6 19. Bxc6 bxc6 20. a3 a5 21. b4 cxb4 22. axb4 axb4 23. Qxb4 c5 24. Qb7 Qb8 25. Qd5 Qc7 26. Rxa8 Rxa8 27. Qxa8 1-0


[Site "https://www.chess.com"]

[Event "Titled Tuesday Blitz January 03 Late 2023"]
[White "Kalogeris, Ioannis"]
[Black "Garcia Ramos, Daniel"]
[WhiteFideId "4239563"]
[BlackFideId "32010311"]
[WhiteElo "2423"]
[BlackElo "2442"]
[Result "0-1"]
[Round "09"]
[TimeControl "180+2"]
[Date "2023.01.03"]
[WhiteClock "0:00:18"]
[BlackClock "0:00:16"]

1. e4 e6 2. d4 d5 3. Nc3 Bb4 4. e5 c5 5. a3 Bxc3+ 6. bxc3 Nc6 7. Nf3 Qa5 8. Bd2 c4 9. h4 Nge7 10. h5 h6 11. g4 Bd7 12. g5 hxg5 13. Nxg5 f6 14. Nf3 fxe5 15. Nxe5 Nxe5 16. dxe5 O-O-O 17. Rg1 Nf5 18. Bh3 Rdf8 19. Qe2 Kb8 20. Bxf5 Rxf5 21. Rxg7 Rfxh5 22. O-O-O Qxa3+ 23. Kb1 Qa4 24. Qf3 Rf5 25. Qg2 Qb5+ 26. Kc1 Qa5 27. Kb2 Qb6+ 28. Kc1 Rxf2 29. Qg5 Qa5 30. Kb2 Qb5+ 31. Kc1 Qa4 32. Kb2 d4 33. Rg8+ Rxg8 34. Qxg8+ Kc7 35. Qf8 dxc3+ 36. Kxc3 Rxf8 37. Be3 Qa3+ 0-1


[Site "https://www.chess.com"]

[Event "Titled Tuesday Blitz January 03 Late 2023"]
[White "Haydon, David L"]
[Black "Przybylski, Wojciech"]
[WhiteFideId "415405"]
[BlackFideId "1117599"]
[WhiteElo "2253"]
[BlackElo "2321"]
[Result "0-1"]
[Round "09"]
[TimeControl "180+2"]
[Date "2023.01.03"]
[WhiteClock "0:01:28"]
[BlackClock "0:01:41"]

1. e4 e5 2. Nf3 Nc6 3. Bb5 Nf6 4. O-O Nxe4 5. Re1 Nd6 6. Bxc6 dxc6 7. Nxe5 Be7 8. d4 O-O 9. Nd2 Nf5 10. Ndf3 Be6 11. c3 c5 12. Bf4 cxd4 13. cxd4 c6 14. a3 Bd5 15. h3 Re8 16. Qd3 Nh4 17. Nxh4 Bxh4 18. Rad1 h6 19. Bg3 Bxg3 20. Qxg3 Qg5 21. Qxg5 hxg5 22. Re3 f6 23. Ng4 Kf7 24. f3 Rad8 25. Nf2 Rxe3 26. Ng4 Re2 0-1


[Site "https://www.chess.com"]